 Dungeon Crawl Stone Soup version 0.19.5 (webtiles) character file.

86 tilp the Chiller (level 4, -7/24 HPs)
             Began as a Gargoyle Ice Elementalist on Mar 22, 2017.
             Killed by divine providence
             ... invoked by an orc priest
              (9 damage)
             ... on level 3 of the Dungeon.
             The game lasted 00:09:39 (1751 turns).

tilp the Chiller (Gargoyle Ice Elementalist)        Turns: 1751, Time: 00:09:40

Health: -7/24      AC:  5    Str: 12    XL:     4   Next: 49%
Magic:  4/8        EV: 16    Int: 15    God:
Gold:   82         SH:  0    Dex: 11    Spells: 2 memorised, 5 levels left

rFire  . . .     SeeInvis .     j - +0 hand axe (curse)
rCold  . . .     Gourm    .     a - +0 robe
rNeg   + . .     Faith    .     (no shield)
rPois  ∞         Spirit   .     (no helmet)
rElec  +         Reflect  .     (no cloak)
rCorr  .         Harm     .     (no gloves)
MR     .....                    (no boots)
Stlth  ++........               (no amulet)
                                (no ring)
                                f - +4 ring of evasion

@: no status effects
A: negative energy resistance 1, electricity resistance, unbreathing,
petrification resistance, rot immunity, AC +3
a: no special abilities


You were on level 3 of the Dungeon.
You were not hungry.

You visited 1 branch of the dungeon, and saw 3 of its levels.

You collected 82 gold pieces.

Inventory:

Hand Weapons
 i - a +0 club
 j - a cursed +0 hand axe (weapon)
 m - a +0 dagger
Armour
 a - a +0 robe (worn)
Jewellery
 f - a +4 ring of evasion (left hand)
Wands
 o - a wand of acid (7/15)
Scrolls
 d - 3 scrolls of identify
 h - a scroll of magic mapping {unknown}
 l - a scroll of remove curse {unknown}
 n - a scroll of amnesia {unknown}
 q - a scroll of teleportation {unknown}
 s - 3 scrolls of fear {unknown}
Potions
 e - a potion of berserk rage {unknown}
 k - a potion of heal wounds {unknown}
 r - a potion of flight {unknown}
Books
 b - a book of Frost

   Spells                             Type                      Level
   a - Freeze                         Ice                          1
   b - Throw Frost                    Conjuration/Ice              2
   c - Ozocubu's Armour               Charms/Ice                   3
   d - Throw Icicle                   Conjuration/Ice              4
   e - Summon Ice Beast               Ice/Summoning                4
Comestibles
 c - 2 bread rations
 g - a meat ration
 p - a chunk of flesh


   Skills:
 + Level 1.5 Axes
 + Level 0.4 Armour
 + Level 1.9 Dodging
 + Level 2.7 Stealth
 + Level 2.6 Spellcasting
 + Level 1.1 Conjurations
 + Level 3.5 Ice Magic


You had 5 spell levels left.
You knew the following spells:

 Your Spells              Type           Power        Failure   Level  Hunger
a - Freeze                Ice            ##..         6%          1    #......
b - Throw Frost           Conj/Ice       #.....       14%         2    ##.....


Dungeon Overview and Level Annotations

Branches:
Dungeon (3/15)

Altars:


Innate Abilities, Weirdness & Mutations

You are resistant to torment.
Your stone body is resilient. (AC +3)
You are immune to poison.
You resist negative energy. (rN+)
You are resistant to electric shocks. (rElec)
You can survive without breathing.
You are immune to petrification.
You are immune to rotting.


Message History

The bat misses you. The bat misses you. The bat hits you but does no damage.
You hit the giant cockroach.
The giant cockroach is moderately wounded.
The giant cockroach bites you but does no damage.
The giant cockroach closely misses you.
You hit the giant cockroach.
The giant cockroach is heavily wounded.
The giant cockroach closely misses you.
You closely miss the giant cockroach.
The giant cockroach is heavily wounded.
The giant cockroach closely misses you.
The giant cockroach completely misses you.
You closely miss the giant cockroach.
The giant cockroach is heavily wounded.
The giant cockroach closely misses you.
The orc priest invokes the aid of Beogh against you.
Beogh smites you!
You die...

##### ####...#
.....#.#
######...######
..............#
######.#####.#
##.###.## #.#
##.#.##..####.#
##.###....bs@..#
###.## ##...o##..#
#..## #.....#..#
#.#.## ##.....#..#
#.##.###.##.#.#..#
#. ##.#.###.#.#.[#
#. ##.##
#...#..### #. #.#
##.o#....# .. #.#
#..#.##.#


You could see an orc priest, a giant cockroach and a bat.

Vanquished Creatures
  Jessica (D:2)
  2 adders
  3 dart slugs (D:2)
  2 orcs (D:3)
  4 bats (D:2)
  5 giant cockroaches
  A goblin (D:1)
  4 hobgoblins
  A quokka (D:2)
  A frilled lizard (D:1)
  4 kobolds
  6 rats
34 creatures vanquished.

Notes
Turn   | Place    | Note
-------+----------+-------------------------------------------
     0 | D:1      | tilp the Gargoyle Ice Elementalist began the quest for the Orb.
     0 | D:1      | Reached XP level 1. HP: 10/10 MP: 3/3
   320 | D:1      | Reached XP level 2. HP: 7/15 MP: 5/5
  1072 | D:2      | Reached XP level 3. HP: 12/19 MP: 6/6
  1087 | D:2      | Noticed Jessica
  1103 | D:2      | Killed Jessica
  1103 | D:2      | Reached skill level 1 in Axes
  1332 | D:2      | Reached XP level 4. HP: 24/24 MP: 3/7
  1414 | D:2      | Learned a level 2 spell: Throw Frost
  1728 | D:3      | HP: 1/24 [orc (2)]
  1751 | D:3      | Killed from afar by an orc priest

Skill      XL: |  1  2  3 |
---------------+----------+-----
Axes           | 1 |  1.5
Armour         | |  0.4
Dodging        | |  1.9
Stealth        | |  2.7
Spellcasting   | |  2.6
Conjurations   | |  1.1
Ice Magic      | |  3.5

Action                   |  1- 3 |  4- 6 || total
-------------------------+-------+-------++-------
Melee: Hand axe          |   113 |    49 ||   162
 Cast: Freeze            |     9 |     3 ||    12
       Throw Frost       |       |     3 ||     3
  Use: Scroll            |     1 |       ||     1
 Stab: Sleeping          |     3 |     2 ||     5
  Eat: Bread ration      |     1 |       ||     1
Armor: Robe              |    19 |    12 ||    31
       Chain mail        |    41 |       ||    41
Dodge: Dodged            |    89 |    65 ||   154
